 Dungeon Crawl Stone Soup version 0.22-a0-196-gee22f27 (webtiles) character file.

595298 MatthieuS the Acrobat (level 26, 0/151 HPs)
             Began as a Deep Elf Air Elementalist on Feb 15, 2018.
             Was the Champion of Makhleb.
             Slain by a death cob (14 damage)
             ... on level 3 of the Realm of Zot on Feb 17, 2018.
             The game lasted 08:29:02 (97751 turns).

MatthieuS the Acrobat (Deep Elf Air Elementalist)  Turns: 97751, Time: 08:29:02

Health: 0/151      AC: 31    Str:  7    XL:     26   Next: 33%
Magic:  13/73      EV: 23    Int: 34    God:    Makhleb [******]
Gold:   3363       SH: 11    Dex: 13    Spells: 1/65 levels left

rFire    + . .     SeeInvis +   N - staff of power
rCold    . . .     Gourm    .   j - +3 buckler {AC+3}
rNeg     + . .     Faith    .   Z - +3 faerie dragon scales {MR+ rCorr Int+3 Dex-2 Stlth+}
rPois    +         Spirit   .   C - +1 helmet of Amomoh {*Contam rPois rF+}
rElec    +         Reflect  +   W - +2 cloak of the Thief {+Fog Slay-2 SInv Stlth+}
rCorr    +         Harm     .   U - +0 pair of gloves of Ysit {rElec rN+ rCorr Str+2}
MR       +++..                  P - +2 pair of boots {run}
Stlth    +++++++...             b - +3 amulet of reflection
HPRegen  0.35/turn              t - +5 ring of protection
MPRegen  0.43/turn              V - ring of magical power

@: swift (expiring), very slightly contaminated, slowed, invisible, deflect
missiles
A: molten scales 1, slimy green scales 1, thin metallic scales 1, deformed body,
dopey 1, frail 1
}: 3/15 runes: decaying, serpentine, silver
a: Minor Destruction, Lesser Servant of Makhleb, Major Destruction, Greater
Servant of Makhleb, Renounce Religion, Evoke Fog


You were on level 3 of the Realm of Zot.
You worshipped Makhleb.
Makhleb was exalted by your worship.
You were not hungry.

You visited 9 branches of the dungeon, and saw 48 of its levels.
You visited 2 bazaars.
You also visited: Labyrinth and Bailey.

You collected 8728 gold pieces.
You spent 5365 gold pieces at shops.

Inventory:

Hand Weapons
 O - the +4 flail "Poyl" {freeze, *Slow rPois rF++, !att}
   (You found it on level 3 of the Depths)

   It has been specially enchanted to freeze those struck by it, causing extra
   injury to most foes and up to half again as much damage against particularly
   susceptible opponents.
   It can also slow down cold-blooded creatures.
   It greatly protects you from fire.
   It protects you from poison.
   It may slow you when you take damage.
Missiles
 z - 2 throwing nets (quivered)
Armour
 j - a +3 buckler of protection (worn)
 C - the +1 helmet of Amomoh (worn) {*Contam rPois rF+}
   (You found it on level 4 of the Depths)

   It protects you from fire.
   It protects you from poison.
   It causes magical contamination when unequipped.
 P - a +2 pair of boots of running (worn)
 U - the +0 pair of gloves of Ysit (worn) {rElec rN+ rCorr Str+2}
   (You bought it in a shop on level 2 of the Orcish Mines)

   It affects your strength (+2).
   It insulates you from electricity.
   It protects you from negative energy.
   It protects you from acid and corrosion.
 W - the +2 cloak of the Thief (worn) {+Fog Slay-2 SInv Stlth+}
   (You bought it in a shop on level 2 of the Orcish Mines)

   It affects your accuracy and damage with ranged weapons and melee attacks
   (-2).
   It lets you see invisible.
   It makes you more stealthy.
 Z - the +3 faerie dragon scales (worn) {MR+ rCorr Int+3 Dex-2 Stlth+}
   (You took it off the Enchantress on level 5 of the Depths)

   It affects your intelligence (+3).
   It affects your dexterity (-2).
   It affects your resistance to hostile enchantments.
   It protects you from acid and corrosion.
   It makes you more stealthy.
Magical Staves
 g - an uncursed staff of conjuration
 i - an uncursed staff of wizardry
 M - an uncursed staff of air
 N - an uncursed staff of power (weapon)
Jewellery
 b - a +3 amulet of reflection (around neck)
 t - a +5 ring of protection (left hand)
 v - the ring of Pomiabri {rC+ Str+4}
   (You found it on level 1 of the Depths)

   [ring of strength]

   It affects your strength (+4).
   It protects you from cold.
 E - an uncursed ring of protection from magic
 T - an uncursed ring of wizardry
 V - a ring of magical power (right hand)
Wands
 a - a wand of scattershot (5)
 m - a wand of enslavement (9)
 p - a wand of digging (43)
 x - a wand of paralysis (57)
 G - a wand of acid (23)
 X - a wand of iceblast (25)
Scrolls
 d - 10 scrolls of teleportation
 e - 19 scrolls of remove curse
 h - 8 scrolls of magic mapping
 k - 4 scrolls of fear
 l - a scroll of blinking
 s - 2 scrolls of fog
 w - 3 scrolls of summoning
 A - 3 scrolls of silence
 D - 12 scrolls of identify
 F - a scroll of holy word
 R - a scroll of enchant armour
 S - 5 scrolls of amnesia
Potions
 n - 3 potions of brilliance
 o - a potion of ambrosia
 q - 2 potions of haste
 u - 3 potions of mutation
 B - 4 potions of cancellation
 H - a potion of magic
 I - 12 potions of curing
 Y - a potion of berserk rage
Books
 f - the Reference Book on Captivating Snow
   (You found it on level 5 of the Vaults)

   Spells                             Type                      Level
   a - Ensorcelled Hibernation        Hexes/Ice                    2
   b - Slow                           Hexes                        2
   c - Throw Icicle                   Conjuration/Ice              4
   d - Darkness                       Hexes                        6
   e - Invisibility                   Hexes                        6
 K - a book of Transfigurations

   Spells                             Type                      Level
   a - Irradiate                      Conjuration/Transmutation    5
   b - Statue Form                    Transmutation/Earth          6
   c - Hydra Form                     Transmutation                6
   d - Dragon Form                    Transmutation                7
Miscellaneous
 y - a lamp of fire
 J - a lightning rod (4/4)
Comestibles
 c - 41 rations


   Skills:
 + Level 18.2 Fighting
 - Level 6.2 Armour
 + Level 22.5 Dodging
 + Level 15.1 Stealth
 - Level 5.0 Shields
 - Level 20.0 Spellcasting
 + Level 21.4 Conjurations
 - Level 9.2 Hexes
 - Level 8.0 Charms
 - Level 6.6 Necromancy
 + Level 20.4 Air Magic
 - Level 4.0 Poison Magic
 - Level 6.8 Invocations
 - Level 4.2 Evocations


You had one spell level left.
You knew the following spells:

 Your Spells              Type           Power        Failure   Level  Hunger
a - Poison Arrow          Conj/Pois      #######...   1%          6    None
b - Swiftness             Chrm/Air       #######.     0%          2    None
c - Static Discharge      Conj/Air       ########     0%          3    None
d - Irradiate             Conj/Tmut      #######...   1%          5    None
e - Invisibility          Hex            #######.     5%          6    None
f - Orb of Destruction    Conj           ########..   1%          7    #......
g - Fireball              Conj/Fire      #######...   1%          5    None
i - Confuse               Hex            #######.     1%          3    None
j - Darkness              Hex            #######...   5%          6    None
k - Chain Lightning       Conj/Air       ########..   2%          8    ####...
l - Deflect Missiles      Chrm/Air       #######...   1%          6    None
m - Shroud of Golubria    Chrm/Tloc      ######....   1%          2    None
n - Regeneration          Chrm/Necr      ######....   1%          3    None
o - Sublimation of Blood  Necr           ######....   1%          2    None


Dungeon Overview and Level Annotations

Branches:
Dungeon (15/15)            Temple (0/1) D:4            Lair (6/6) D:11
  Swamp (4/4) Lair:4        Snake (4/4) Lair:3        Slime (0/5) Lair:6
    Orc (2/2) D:11            Elf (3/3) Orc:2        Vaults (5/5) D:14
  Crypt (0/3) Vaults:3     Depths (5/5) D:15            Zot (4/5) Depths:5

Altars:
Cheibriados
Gozag
Hepliaklqana
Kikubaaqudgha
Makhleb
Qazlal
Ru
Sif Muna
Trog
Uskayaw
Vehumet
Wu Jian
Xom
Yredelemnul
The Shining One
Beogh
Jiyva
Lugonu

Shops:
D:8 [   D:11 ?   D:15 *   Orc:2 [[=[:   Depths:2 =

Portals:
Hell: Depths:1 Depths:2 Depths:3 Depths:4 Depths:5
Abyss: Depths:1 Depths:4
Pandemonium: Depths:3 Depths:5
Ziggurat: Depths:5
Trove: Vaults:4 (give 16 scrolls of teleportation)

Annotations:
D:4 exclusion: statue


Innate Abilities, Weirdness & Mutations

You are partially covered in molten scales. (AC +2)
You are partially covered in slimy green scales. (AC +2)
You are partially covered in thin metallic scales. (AC +2)
Armour fits poorly on your strangely shaped body.
You are dopey. (Int -2)
You are frail. (-10% HP)


Message History

The death cob drains your vigour!
You feel as though you will be slow longer.
A mysterious force pulls you upwards. The hatch slams shut behind you.
Okay, then.
Okay, then.
Press: ? - help, v - describe, . - travel
Here: a death cob (lightly damaged)
The floor.
You fade into invisibility!
You are very lightly contaminated with residual magic.
You see here a potion of flight.
The death cob closely misses you. The death cob hits you.
* * * LOW HITPOINT WARNING * * *
The death cob drains your vigour!
You feel as though you will be slow longer.
The death cob completely misses you.
You start to feel a little slower.
The death cob hits you!
You die...

#..........(.........###≈≈.≈≈##
#..............(#.##.####≈≈≈##
##........[.....#.#...#######
#................#.#..########
#.............####.##..[?....##
######........# #...........>#
##........####............#
#............#[)...........
#.....!..z@..)<)[..........
####...........^))######......
#................)# #......
#.................# #......
#.................######......
#........)....................
#...........).................
#............##...............
#............##..............[


You could see a death cob.

Vanquished Creatures
  the Lernaean hydra (Swamp:4)
  A curse toe (Zot:3)
  2 caustic shrikes
  Saint Roka (Vaults:5)
  Nikola (Snake:3)
  6 golden dragons
  A bone dragon (Depths:4)
  the Enchantress (Depths:5)
  2 electric golems
  4 liches
  8 tentacled monstrosities
  Asterion (Snake:3)
  10 titans
  3 deep elf blademasters
  4 quicksilver dragons
  2 deep elf master archers (Elf:3)
  7 death cobs
  7 sphinxes
  A thorn hunter (Swamp:4)
  Roxanne (Elf:2)
  Agnes (Snake:3)
  The ghost of edsrzf the Severer, an adept DDBe of Trog (Swamp:3)
  14 nagarajas
  Kirke (Swamp:1)
  11 shadow dragons
  6 tengu reavers
  2 draconian monks
  8 draconian knights
  11 storm dragons
  11 frost giants
  5 fire giants
  7 deep elf sorcerers
  15 vault wardens
  2 orc warlords (Orc:1)
  Aizul (Snake:4)
  Louise (Elf:3)
  3 draconian scorchers
  An iron dragon (Depths:3)
  2 draconian stormcallers
  The ghost of Partyfoot the Thaumaturge, an adept DEWz of Vehumet (Snake:3)
  6 deep elf elementalists
  5 draconian shifters
  A war gargoyle (Vaults:3)
  12 ironheart preservers
  6 spriggan defenders
  27 very ugly things
  4 draconian annihilators
  15 stone giants
  2 entropy weavers
  A vampire knight (Depths:2)
  5 green draconians
  5 purple draconians
  12 deep elf demonologists
  6 deep elf annihilators (Elf:3)
  Azrael (Snake:1)
  6 spark wasps
  A dire elephant (Lair:6)
  4 black draconians
  7 white draconians
  7 yellow draconians
  6 red draconians
  14 ettins
  A merfolk javelineer (Depths:1)
  3 deep elf death magi (Elf:3)
  9 crystal guardians
  10 deep elf high priests
  14 fire dragons
  A minotaur (Lab)
  A blizzard demon (Depths:5)
  14 yaktaur captains
  18 hydras
  10 great orbs of eyes
  A merfolk avatar (Lair:6)
  27 vault guards
  4 spriggan air magi
  19 naga warriors
  16 anacondas
  2 ghost crabs (Swamp:4)
  15 ice dragons
  5 rakshasas
  8 centaur warriors
  3 tengu warriors
  5 death knights
  6 deep troll shamans
  36 two-headed ogres
  19 dancing weapons
  9 alligators
  2 death yaks (Lair:2)
  9 ogre magi
  4 deep troll earth magi
  A vampire mage (Depths:3)
  10 orc high priests
  5 spriggan berserkers
  14 shock serpents
  17 naga sharpshooters
  16 spriggans
  A sun demon (Depths:5)
  28 deep elf knights
  A small abomination (Elf:3)
  A hell knight (Depths:3)
  Sonja (D:15)
  An iron troll (Depths:2)
  4 shadow wraiths
  2 skeletal warriors
  2 fire crabs (shapeshifter) (Vaults:1)
  2 glowing orange brains (shapeshifter)
  7 wizards
  A sixfirhy (Depths:5)
  2 glowing orange brains
  20 swamp dragons
  6 naga ritualists
  28 deep trolls
  An unseen horror (D:9)
  8 sea snakes
  An orange crystal statue (Depths:4)
  3 flayed ghosts (Vaults:3)
  2 necromancers
  4 shambling mangroves
  17 deep elf archers
  15 ironbrand convokers
  2 lindwurms (Depths:2)
  Pikel (D:4)
  71 deep elf magi
  4 harpies
  6 phantasmal warriors
  A sphinx zombie (Vaults:5)
  15 orc knights
  68 ugly things
  5 oklob plants
  2 manticores (Lair:6)
  2 orb spiders (shapeshifter) (Depths:4)
  2 orc sorcerers
  A sphinx skeleton (Depths:1)
  9 mana vipers
  23 moths of wrath
  A black mamba (shapeshifter) (Depths:4)
  A faun (shapeshifter) (D:15)
  13 salamanders
  16 elephants
  Maurice (D:8)
  A stone giant skeleton (Vaults:5)
  An elephant (shapeshifter) (Vaults:2)
  6 cyclopes
  A centaur zombie (D:10)
  31 naga magi
  14 spiny frogs
  Joseph (D:9)
  9 guardian serpents
  39 black mambas
  2 gargoyles
  Psyche (D:8)
  12 vault sentinels
  A smoke demon (Depths:5)
  An orange demon (Depths:5)
  2 spriggan zombies (Depths:1)
  A hellion (Depths:1)
  3 kobold demonologists
  An efreet (D:14)
  2 centaur skeletons
  2 human zombies
  11 komodo dragons
  3 rime drakes
  2 komodo dragons (shapeshifter)
  A yaktaur (shapeshifter) (D:15)
  13 freezing wraiths
  2 hellwings (Depths:1)
  52 yaktaurs
  4 tengu conjurers
  A red devil (Depths:5)
  A yaktaur skeleton (Vaults:1)
  A merfolk (shapeshifter) (Vaults:1)
  3 meliai (D:15)
  12 trolls
  6 polar bears
  A troll (shapeshifter) (Vaults:4)
  10 tyrant leeches
  23 hornets
  4 bog bodies
  12 blink frogs
  A fire dragon zombie (Depths:1)
  A hippogriff (shapeshifter) (Depths:5)
  A minotaur skeleton (Lab)
  A meliai zombie (D:12)
  42 slime creatures
  A stone giant simulacrum (Vaults:5)
  5 hippogriffs
  A frost giant simulacrum (Vaults:5)
  3 air elementals (Elf:2)
  3 redbacks
  2 shadows
  4 wraiths
  16 water elementals
  39 yaks
  A golden eye (shapeshifter) (Vaults:4)
  6 wyverns
  8 fire elementals
  6 hogs
  5 basilisks
  A fire bat (shapeshifter) (D:15)
  2 yaks (shapeshifter)
  21 humans
  8 hungry ghosts
  A human (shapeshifter) (Depths:2)
  20 vampire mosquitoes
  10 wargs
  A steam dragon (D:11)
  3 insubstantial wisps
  56 nagas
  35 swamp worms
  A hell hound (Snake:1)
  Menkaure (D:7)
  3 floating eyes (Depths:3)
  2 soldier ants (shapeshifter) (Depths:4)
  21 water moccasins
  7 porcupines
  An acid dragon (D:15)
  19 swamp drakes
  A slave (D:3)
  48 orc warriors
  5 phantoms
  5 ice beasts
  2 ettin simulacra
  10 boggarts
  32 centaurs
  An eye of draining (D:12)
  2 eyes of draining (shapeshifter)
  28 ogres
  2 black bears (shapeshifter)
  2 wolves (Lair:6)
  14 crocodiles
  A big kobold (shapeshifter) (Vaults:5)
  7 big kobolds
  An earth elemental (Elf:1)
  19 bullfrogs
  A gnoll sergeant (D:5)
  2 wyvern skeletons
  8 scorpions
  7 killer bees
  8 electric eels
  9 wights
  6 crimson imps
  6 howler monkeys
  4 hounds
  2 quasits (Depths:5)
  A bullfrog zombie (D:13)
  22 orc wizards
  3 gnoll shamans (D:3)
  40 orc priests
  2 bullfrog skeletons
  2 iron imps (Depths:5)
  8 jellies
  6 iguanas
  13 worker ants
  A hound skeleton (D:7)
  2 worker ant zombies (D:8)
  A howler monkey skeleton (D:6)
  65 gnolls
  17 adders
  A river rat (shapeshifter) (Depths:3)
  4 shadow imps
  3 white imps
  2 ufetubi
  2 oozes
  An adder skeleton (D:4)
  12 worms
  3 dart slugs
  8 leopard geckos
  116 orcs
  5 giant cockroaches
  13 goblins
  18 hobgoblins
  28 jackals
  2 quokkas
  7 ball pythons
  7 bats
  6 frilled lizards
  2 goblin skeletons (D:9)
  A goblin zombie (D:9)
  2 hobgoblin zombies (D:9)
  31 kobolds
  4 orc skeletons (D:9)
  2 orc zombies (D:9)
  2 rats
  A crawling corpse (Elf:3)
  A fulminant prism (Swamp:3)
  3 fungi
  6 plants
2418 creatures vanquished.

Vanquished Creatures (collateral kills)
  A stone giant (Vaults:5)
  A deep elf annihilator (Vaults:5)
  An orc high priest (Orc:2)
  2 deep elf knights (Vaults:5)
  A deep elf mage (Vaults:5)
  A water nymph (shapeshifter) (Vaults:5)
  A vampire (D:9)
  A bullfrog zombie (D:9)
  2 orc priests (Orc:2)
  An orc (Orc:2)
12 creatures vanquished.

Vanquished Creatures (others)
  A lich (Vaults:5)
  A draconian monk (Zot:3)
  A very ugly thing (Depths:1)
  2 ironheart preservers
  2 stone giants
  4 yaktaur captains
  2 centaur warriors (Depths:1)
  An anaconda (Snake:4)
  An alligator (Swamp:3)
  A deep troll shaman (Depths:2)
  A naga sharpshooter (Snake:4)
  A deep troll (Depths:2)
  A deep elf archer (Elf:1)
  A necromancer (Vaults:1)
  A cyclops (D:12)
  A black mamba (Snake:3)
  5 yaktaurs
  A hornet (Lair:6)
  A human (Swamp:1)
  A warg (Orc:2)
  A water moccasin (Lair:6)
  A human skeleton (Vaults:1)
  A slave (D:7)
  3 centaurs (D:14)
  An orc wizard (D:8)
  2 leopard geckos (D:4)
  44 bushes
  318 fulminant prisms
  19 fungi
  64 plants
484 creatures vanquished.

Grand Total: 2914 creatures vanquished

Notes
Turn   | Place    | Note
-------+----------+-------------------------------------------
     0 | D:1      | MatthieuS the Deep Elf Air Elementalist began the quest for the Orb.
     0 | D:1      | Reached XP level 1. HP: 10/10 MP: 6/6
   161 | D:1      | Reached XP level 2. HP: 15/15 MP: 5/8
   369 | D:1      | Learned a level 2 spell: Swiftness
   871 | D:2      | Reached XP level 3. HP: 19/19 MP: 5/9
  1478 | D:2      | Reached skill level 3 in Dodging
  1512 | D:2      | Found a burning altar of Makhleb.
  1546 | D:2      | Became a worshipper of Makhleb the Destroyer
  1658 | D:2      | Reached XP level 4. HP: 24/24 MP: 8/11
  1690 | D:2      | Found a deep blue altar of Sif Muna.
  1990 | D:3      | Learned a level 3 spell: Static Discharge
  1995 | D:3      | Learned a level 4 spell: Airstrike
  2333 | D:3      | Reached XP level 5. HP: 28/28 MP: 6/12
  2850 | D:3      | Reached * piety under Makhleb
  2850 | D:3      | Reached skill level 1 in Fighting
  2874 | D:3      | Reached XP level 6. HP: 26/34 MP: 0/14
  3089 | D:3      | Reached skill level 4 in Dodging
  3439 | D:3      | Reached XP level 7. HP: 28/39 MP: 5/16
  3838 | D:4      | Learned a level 5 spell: Lightning Bolt
  3844 | D:4      | Found a stormy altar of Qazlal.
  3912 | D:4      | Reached skill level 5 in Spellcasting
  4038 | D:4      | Noticed Pikel
  4292 | D:4      | Reached ** piety under Makhleb
  4634 | D:4      | Found a radiant altar of Vehumet.
  4788 | D:4      | Found a staircase to the Ecumenical Temple.
  4833 | D:4      | Killed Pikel
  4833 | D:4      | Reached skill level 5 in Dodging
  4833 | D:4      | Reached skill level 5 in Stealth
  4833 | D:4      | Reached skill level 1 in Shields
  4833 | D:4      | Reached skill level 5 in Air Magic
  4833 | D:4      | Reached XP level 8. HP: 45/45 MP: 0/18
  5036 | D:4      | Found a sacrificial altar of Ru.
  5036 | D:4      | Found a bloodstained altar of Trog.
  5037 | D:4      | Found an opulent altar of Gozag.
  5195 | D:5      | Entered Level 5 of the Dungeon
  6193 | D:5      | Reached skill level 6 in Dodging
  6193 | D:5      | Reached skill level 5 in Conjurations
  6760 | D:6      | Reached XP level 9. HP: 51/51 MP: 6/21
  6959 | D:6      | Reached *** piety under Makhleb
  7190 | D:6      | Found a hide-covered altar of Uskayaw.
  7431 | D:7      | Noticed Menkaure
  7434 | D:7      | Killed Menkaure
  7595 | D:7      | Reached skill level 1 in Invocations
  7862 | D:7      | Reached skill level 7 in Dodging
  7983 | D:6      | Upgraded the game from 0.22-a0-185-ge330310 to 0.22-a0-191-g8d23802
  8315 | D:7      | You fall through a shaft!
  8315 | D:8      | Found Ihin's Armour Emporium.
  8327 | D:8      | Reached **** piety under Makhleb
  8332 | D:8      | Gained mutation: You have a pair of small antennae on your head. [potion of mutation]
  8332 | D:8      | Gained mutation: You are clumsy. (Dex -2) [potion of mutation]
  8332 | D:8      | Gained mutation: You are weak. (Str -2) [potion of mutation]
  8332 | D:8      | Gained mutation: You are partially covered in thin metallic scales. (AC +2) [potion of mutation]
  8337 | D:8      | Noticed Psyche
  8351 | D:8      | Reached XP level 10. HP: 30/57 MP: 2/24
  8354 | D:8      | Noticed Maurice
  8364 | D:8      | Killed Maurice
  8386 | D:8      | Noticed a two-headed ogre
  8392 | D:8      | Killed a two-headed ogre
  8537 | D:8      | Killed Psyche
  8870 | D:8      | Reached skill level 8 in Dodging
  8877 | D:8      | Reached skill level 5 in Fighting
  9085 | D:8      | Found an ornate altar of the Wu Jian Council.
  9202 | D:9      | Found a hazy altar of Hepliaklqana.
  9377 | D:9      | Noticed Joseph
  9384 | D:9      | Killed Joseph
  9397 | D:9      | Found a basalt altar of Yredelemnul.
  9401 | D:9      | Noticed a death knight
  9406 | D:9      | Found an ancient bone altar of Kikubaaqudgha.
  9592 | D:9      | Reached ***** piety under Makhleb
  9635 | D:9      | Found a transporter.
  9693 | D:9      | Reached XP level 11. HP: 64/64 MP: 14/26
  9770 | D:9      | Found a glowing golden altar of the Shining One.
  9801 | D:9      | Killed an unseen horror
  9801 | D:9      | Reached skill level 5 in Invocations
 10175 | D:9      | Found a transporter.
 10285 | D:9      | You fall through a shaft!
 10285 | D:10     | Entered Level 10 of the Dungeon
 10445 | D:10     | Found a flagged portal.
 10465 | Bailey   | Entered a bailey
 10522 | Bailey   | Lost mutation: You are weak. (Str -2) [potion of mutation]
 10522 | Bailey   | Lost mutation: You are clumsy. (Dex -2) [potion of mutation]
 10522 | Bailey   | Lost mutation: You have a pair of small antennae on your head. [potion of mutation]
 10522 | Bailey   | Gained mutation: You are partially covered in molten scales. (AC +2) [potion of mutation]
 10522 | Bailey   | Gained mutation: Armour fits poorly on your strangely shaped body. [potion of mutation]
 10522 | Bailey   | Gained mutation: You are partially covered in slimy green scales. (AC +2) [potion of mutation]
 11224 | D:10     | Got a shimmering falchion
 11225 | D:10     | Identified the +9 falchion of Understanding {slice, rF+ rC+} (You found it on level 10 of the Dungeon)
 11769 | D:10     | Reached skill level 9 in Dodging
 12057 | D:10     | Reached skill level 10 in Spellcasting
 12233 | D:10     | Noticed a two-headed ogre
 12282 | D:10     | Killed a two-headed ogre
 13048 | D:9      | Noticed a two-headed ogre
 13050 | D:9      | Killed a two-headed ogre
 13478 | D:11     | Noticed a deep elf mage
 13481 | D:11     | Killed a deep elf mage
 13704 | D:11     | Found Jaetod's Magic Scroll Shoppe.
 13723 | D:11     | Bought a scroll of magic mapping for 56 gold pieces
 13723 | D:11     | Bought a scroll of identify for 32 gold pieces
 14367 | D:11     | Noticed an oklob plant
 14374 | D:11     | Killed an oklob plant
 14374 | D:11     | Reached XP level 12. HP: 71/71 MP: 11/28
 14399 | D:11     | Found a staircase to the Lair.
 14623 | Lair:1   | Entered Level 1 of the Lair of Beasts
 14646 | Lair:1   | Noticed a seven-headed hydra
 14654 | Lair:1   | Killed a seven-headed hydra
 14654 | Lair:1   | Reached skill level 10 in Dodging
 14716 | Lair:1   | Reached ****** piety under Makhleb
 14758 | Lair:1   | Reached skill level 1 in Armour
 15958 | Lair:2   | Identified a scroll of acquirement
 16427 | Lair:2   | Noticed a death yak
 16433 | Lair:2   | Noticed a death yak
 16443 | Lair:2   | Killed a death yak
 16453 | Lair:2   | Killed a death yak
 16792 | D:9      | Killed a death knight
 16824 | D:9      | Identified the Tome of Excruciating Transmutation
 16946 | D:9      | Learned a level 4 spell: Fulminant Prism
 17828 | Lair:3   | Found a staircase to the Snake Pit.
 18076 | Lair:3   | Noticed an eight-headed hydra
 18085 | Lair:3   | Killed an eight-headed hydra
 18463 | Lair:3   | Reached XP level 13. HP: 76/76 MP: 19/30
 19085 | Lair:4   | Reached skill level 1 in Hexes
 19564 | Lair:4   | Reached skill level 11 in Dodging
 19579 | Lair:4   | Reached skill level 10 in Conjurations
 20408 | Lair:4   | Found a staircase to the Swamp.
 21782 | Lair:5   | Reached skill level 10 in Air Magic
 22339 | Lair:6   | Entered Level 6 of the Lair of Beasts
 22428 | Lair:6   | Found a viscous altar of Jiyva.
 22434 | Lair:6   | Found a staircase to the Slime Pits.
 22620 | Lair:6   | Noticed a dire elephant
 23327 | Lair:6   | Killed a dire elephant
 23616 | Lair:6   | Reached skill level 5 in Hexes
 23616 | Lair:6   | Reached XP level 14. HP: 64/84 MP: 17/32
 24201 | Lair:6   | Identified a +0 pair of boots of running (You found it on level 6 of the Lair of Beasts)
 24673 | D:11     | Learned a level 3 spell: Stone Arrow
 24689 | D:11     | Found a staircase to the Orcish Mines.
 24706 | D:11     | Learned a level 3 spell: Ozocubu's Armour
 24950 | D:11     | Reached skill level 12 in Dodging
 25249 | Orc:1    | Entered Level 1 of the Orcish Mines
 25841 | Orc:1    | Noticed an orc warlord
 26004 | Orc:1    | Killed an orc warlord
 26020 | Orc:1    | Reached skill level 5 in Armour
 26417 | Orc:1    | Noticed an orc warlord
 26545 | Orc:1    | Reached skill level 10 in Stealth
 26549 | Orc:1    | Killed an orc warlord
 26944 | Orc:2    | Entered Level 2 of the Orcish Mines
 27102 | Orc:2    | Found Ituzxium's Jewellery Boutique.
 27110 | Orc:2    | Found a staircase to the Elven Halls.
 27404 | Orc:2    | Bought an uncursed ring of magical power for 260 gold pieces
 27447 | Orc:2    | Found a roughly hewn altar of Beogh.
 28103 | Orc:2    | Found Cud Yjah's Antique Armour Boutique.
 28103 | Orc:2    | Found Uheps's Antique Armour Emporium.
 28122 | Orc:2    | Bought a pair of steaming gloves for 209 gold pieces
 28132 | Orc:2    | Identified the +0 pair of gloves of Ysit {rElec rN+ rCorr Str+2} (You bought it in a shop on level 2 of the Orcish Mines)
 28345 | Orc:2    | Found a roughly hewn altar of Beogh.
 28371 | Orc:2    | Found Pestyimo's Armour Boutique.
 28371 | Orc:2    | Found Xavvet's Book Emporium.
 28380 | Orc:2    | Bought a +2 hat for 288 gold pieces
 28815 | Orc:2    | Bought the +2 cloak of the Thief {+Fog Slay-2 SInv Stlth+} for 442 gold pieces
 28815 | Orc:2    | Found the +2 cloak of the Thief {+Fog Slay-2 SInv Stlth+}
 28981 | D:12     | Found a labyrinth entrance.
 28985 | Lab      | Entered a labyrinth
 28986 | Lab      | Upgraded the game from 0.22-a0-191-g8d23802 to 0.22-a0-192-g6ffc940
 29310 | Lab      | Reached XP level 15. HP: 89/89 MP: 33/34
 29316 | Lab      | Found the +8 Wrath of Trog {antimagic, *Rage}
 29324 | Lab      | Got a crude trident
 29328 | D:12     | Identified the +5 trident of Kiynir {pierce, *Rage MR++ Int+4 Dex+2} (You found it in a labyrinth)
 29989 | D:12     | Reached skill level 1 in Evocations
 31082 | D:14     | Identified the +2 scale mail "Yneusat" {rCorr} (You found it on level 14 of the Dungeon)
 31403 | D:14     | Reached skill level 13 in Dodging
 32179 | D:14     | Learned a level 3 spell: Confuse
 32182 | D:14     | Found a gate to the Vaults.
 32703 | D:15     | Entered Level 15 of the Dungeon
 32705 | D:15     | Found Goisyxta's Assorted Antiques.
 32718 | D:15     | Noticed Sonja
 32723 | D:15     | Killed Sonja
 32726 | D:15     | Found a shimmering altar of Xom.
 32735 | D:15     | Got a shimmering shield
 32829 | D:15     | Identified the -10 shield of Happiness {Int+8} (You found it on level 15 of the Dungeon)
 32830 | D:15     | Identified the +4 glaive of the Grave {flame, rF- Str+4} (You found it on level 15 of the Dungeon)
 34753 | D:15     | Found a staircase to the Depths.
 34972 | Swamp:1  | Entered Level 1 of the Swamp
 34978 | Swamp:1  | Paralysed by a hornet for 1 turns
 35113 | Lair:4   | Reached XP level 16. HP: 96/96 MP: 28/36
 35679 | Swamp:1  | Noticed Kirke
 35685 | Swamp:1  | Noticed a sphinx
 35689 | Swamp:1  | Killed Kirke
 37029 | Orc:2    | Bought an uncursed ring of poison resistance for 260 gold pieces
 37184 | Swamp:2  | Reached skill level 15 in Spellcasting
 37331 | Swamp:2  | Reached skill level 10 in Fighting
 37613 | Swamp:2  | Reached skill level 14 in Dodging
 38416 | Swamp:3  | Noticed edsrzf's ghost (adept DDBe)
 38425 | Swamp:3  | Killed edsrzf's ghost
 40235 | Swamp:4  | Entered Level 4 of the Swamp
 40245 | Swamp:4  | Reached skill level 5 in Shields
 40567 | Swamp:4  | Noticed a thorn hunter
 40569 | Swamp:4  | Killed a thorn hunter
 41813 | Swamp:4  | Reached XP level 17. HP: 103/103 MP: 35/38
 42263 | Swamp:4  | Noticed the 27-headed Lernaean hydra
 42281 | Swamp:4  | Killed the 27-headed Lernaean hydra
 42548 | Swamp:4  | Identified the +5 chain mail "Ogefilos" {rPois Int+6} (You found it on level 4 of the Swamp)
 42551 | Swamp:4  | Got a decaying rune of Zot
 42881 | Snake:1  | Entered Level 1 of the Snake Pit
 42891 | Lair:3   | Learned a level 5 spell: Fireball
 42903 | Snake:1  | Reached skill level 15 in Dodging
 43104 | Lair:3   | Got a glittering bone ring
 43107 | Lair:3   | Identified the cursed ring "Inomom" {rPois rC+ EV-5} (You took it off a salamander on level 3 of the Lair of Beasts)
 44630 | Snake:1  | Noticed Azrael
 44634 | Snake:1  | Killed Azrael
 45897 | Snake:2  | Reached skill level 16 in Dodging
 47736 | Snake:3  | Noticed Agnes
 47747 | Snake:3  | Reached XP level 18. HP: 104/112 MP: 28/39
 47749 | Snake:3  | Killed Agnes
 48107 | Snake:3  | Noticed Partyfoot's ghost (adept DEWz)
 48406 | Snake:3  | Killed Partyfoot's ghost
 48640 | Snake:3  | Noticed Nikola
 48655 | Snake:3  | Killed Nikola
 49121 | Snake:3  | Noticed Asterion
 49136 | Snake:3  | Killed Asterion
 49478 | Snake:4  | Entered Level 4 of the Snake Pit
 50533 | Snake:4  | Noticed Aizul
 50673 | Snake:4  | Killed Aizul
 51845 | Snake:4  | Reached skill level 17 in Dodging
 54033 | Snake:4  | Reached skill level 15 in Conjurations
 54550 | Snake:4  | Reached XP level 19. HP: 119/119 MP: 11/41
 54740 | Snake:4  | Got a serpentine rune of Zot
 55441 | Orc:2    | Bought a book of Annihilations for 1876 gold pieces
 55449 | Orc:2    | Learned a level 6 spell: Poison Arrow
 55458 | Orc:2    | Learned a level 8 spell: Chain Lightning
 55587 | Vaults:1 | Entered Level 1 of the Vaults
 55789 | Vaults:1 | Identified the +11 arbalest of the Lurker {freeze, rC+ MR- Dex+2 Stlth+} (You found it on level 1 of the Vaults)
 56132 | Vaults:1 | Reached skill level 1 in Poison Magic
 58710 | Vaults:2 | Noticed a Tzitzimitl
 58711 | Vaults:2 | Noticed a Brimstone Fiend
 61156 | Vaults:2 | Reached skill level 15 in Air Magic
 61355 | Vaults:3 | Reached skill level 18 in Dodging
 62158 | Vaults:3 | Reached XP level 20. HP: 126/126 MP: 13/43
 63971 | Vaults:3 | Found the +0 pair of fencer's gloves {+Riposte Dex+3}
 64001 | Vaults:3 | Found a staircase to the Crypt.
 64001 | Vaults:3 | Found an ancient bone altar of Kikubaaqudgha.
 64002 | Vaults:3 | Found a basalt altar of Yredelemnul.
 66182 | Vaults:4 | Identified the +3 ring mail "Haerouh" {rElec rF+ Slay+3} (You found it on level 4 of the Vaults)
 66918 | Vaults:4 | Found a portal to a secret trove of treasure.
 67050 | Vaults:5 | Entered Level 5 of the Vaults
 67384 | Vaults:5 | Reached XP level 21. HP: 123/132 MP: 0/45
 67448 | Vaults:5 | Identified The Last Volume of the Archmage
 67451 | Vaults:5 | Got a heavily runed turquoise ring
 67466 | Vaults:5 | Identified the ring of Plog {rN+++ MR- AC+3 Str+7 Dex+3} (You found it on level 5 of the Vaults)
 67603 | Vaults:5 | Reached skill level 19 in Dodging
 68767 | Vaults:5 | Identified the +6 shortbow "Faegoany" {velocity, rElec} (You found it on level 5 of the Vaults)
 68781 | Vaults:5 | Got a silken robe
 68796 | Vaults:5 | Identified the +1 robe of Distant Worlds {rF+ Str+6 Int+3 Dex-4} (You took it off a deep elf mage on level 5 of the Vaults)
 69257 | Vaults:5 | Noticed a caustic shrike
 69374 | Vaults:5 | Noticed a golden dragon
 69387 | Vaults:5 | Noticed Saint Roka
 69953 | Depths:1 | Entered Level 1 of the Depths
 70908 | Depths:1 | Reached skill level 1 in Charms
 70935 | Depths:1 | Reached skill level 15 in Fighting
 71446 | Orc:2    | Bought a book of Enchantments for 850 gold pieces
 71454 | Orc:2    | Learned a level 6 spell: Deflect Missiles
 71659 | Depths:1 | Found a gateway to Hell.
 71834 | Depths:1 | Found a snail-covered altar of Cheibriados.
 71911 | Depths:1 | Found a corrupted altar of Lugonu.
 71913 | Depths:1 | Found a one-way gate to the infinite horrors of the Abyss.
 71934 | Depths:1 | You fall through a shaft!
 71956 | Depths:2 | Noticed a caustic shrike
 72268 | Depths:1 | Got a wavering tin ring
 72696 | Depths:2 | Reached skill level 5 in Charms
 72710 | Depths:2 | Reached XP level 22. HP: 140/140 MP: 3/47
 72923 | Depths:2 | Killed a caustic shrike
 73480 | Depths:2 | Found Jiqu's Jewellery Boutique.
 74230 | Depths:2 | Learned a level 5 spell: Iskenderun's Battlesphere
 74238 | Depths:2 | Learned a level 7 spell: Orb of Destruction
 75062 | Depths:3 | Reached skill level 20 in Dodging
 75400 | Depths:3 | Paralysed by a floating eye for 4 turns
 75401 | Depths:3 | Noticed a golden dragon
 75713 | Depths:2 | Identified the ring of Pomiabri {rC+ Str+4} (You found it on level 1 of the Depths)
 75798 | Depths:3 | Found a one-way gate leading to the halls of Pandemonium.
 76047 | Depths:3 | Noticed a caustic shrike
 76069 | Depths:3 | Killed a caustic shrike
 77267 | Depths:3 | Identified the +5 falchion "Tosaov" {slice, rN++ Str+2} (You found it on level 3 of the Depths)
 77546 | Depths:3 | Reached XP level 23. HP: 146/146 MP: 17/49
 77837 | Depths:3 | Learned a level 2 spell: Shroud of Golubria
 77841 | Depths:3 | Learned a level 3 spell: Regeneration
 77900 | Depths:3 | Got a twitching bronze amulet
 77914 | Depths:3 | Identified the amulet "Naptoimm" {+Fly rF- rN+ Regen+} (You took it off a rakshasa on level 3 of the Depths)
 77916 | Depths:3 | Identified the +4 flail "Poyl" {freeze, *Slow rPois rF++} (You found it on level 3 of the Depths)
 78339 | Depths:4 | Upgraded the game from 0.22-a0-192-g6ffc940 to 0.22-a0-196-gee22f27
 78347 | Depths:4 | Got a fine helmet
 78358 | Depths:4 | Identified the +1 helmet of Amomoh {*Contam rPois rF+} (You found it on level 4 of the Depths)
 78587 | Depths:4 | Found a gateway to a bazaar.
 78597 | Bazaar   | Entered a bazaar
 78598 | Bazaar   | Found Fawyac's Book Boutique.
 78604 | Bazaar   | Found Rirogh's Distillery.
 78610 | Bazaar   | Found Jeiniut's Magic Scroll Shop.
 78619 | Bazaar   | Bought a scroll of blinking for 60 gold pieces
 78637 | Bazaar   | Found Ehiosogh's Book Shoppe.
 78647 | Bazaar   | Found Arymeat's Antique Armour Emporium.
 78679 | Bazaar   | Bought a book of Alchemy for 750 gold pieces
 78697 | Bazaar   | Learned a level 2 spell: Sublimation of Blood
 78914 | Depths:4 | Reached skill level 1 in Necromancy
 79459 | Depths:4 | Identified the +6 broad axe of Veoqoap {vamp, *Noise +Inv rC- rN+++} (You found it on level 4 of the Depths)
 79890 | Depths:5 | Entered Level 5 of the Depths
 79909 | Depths:5 | Found a flickering gateway to a bazaar.
 79941 | Bazaar   | Entered a bazaar
 79945 | Bazaar   | Found Bir Qugh's Antique Weapon Boutique.
 79963 | Bazaar   | Found Qaab's Antique Armour Emporium.
 79980 | Bazaar   | Found Kecoruo's Magic Scroll Boutique.
 79985 | Bazaar   | Bought a scroll of summoning for 104 gold pieces
 79985 | Bazaar   | Bought a scroll of teleportation for 33 gold pieces
 79985 | Bazaar   | Bought a scroll of enchant armour for 82 gold pieces
 79985 | Bazaar   | Bought a scroll of teleportation for 33 gold pieces
 79997 | Bazaar   | Found Sixkiyget's General Store.
 80002 | Bazaar   | Bought a potion of curing for 30 gold pieces
 80092 | Depths:5 | Noticed the Enchantress
 80103 | Depths:5 | Killed the Enchantress
 80597 | Depths:5 | Got faerie dragon scales
 80704 | Depths:5 | Identified the +3 faerie dragon scales {MR+ rCorr Int+3 Dex-2 Stlth+} (You took it off the Enchantress on level 5 of the Depths)
 80722 | Depths:5 | Found a gate to the Realm of Zot.
 81430 | Depths:5 | Reached skill level 5 in Necromancy
 81847 | Depths:5 | Found a gateway to a ziggurat.
 82625 | Vaults:5 | Reached XP level 24. HP: 122/154 MP: 3/49
 83066 | Vaults:5 | Killed Saint Roka
 83605 | Vaults:5 | Identified the Reference Book on Captivating Snow
 83615 | Vaults:5 | Learned a level 6 spell: Darkness
 84271 | Vaults:5 | Got a clouded golden ring
 85502 | Vaults:5 | Identified the ring of Qaorus {*Tele +Blink} (You took it off a deep elf mage on level 5 of the Vaults)
 85582 | Vaults:5 | Got a silver rune of Zot
 85870 | Elf:1    | Entered Level 1 of the Elven Halls
 86603 | Elf:1    | Reached skill level 21 in Dodging
 87584 | Elf:2    | Found a runed gate.
 87586 | Elf:2    | Found a runed gate.
 87591 | Elf:2    | Found a runed gate.
 87666 | Elf:2    | Identified the cursed +1 rapier "Uminiw" {pierce, *Slow MR++ Str+4 Dex+3} (You took it off a deep elf mage on level 2 of the Elven Halls)
 88014 | Elf:2    | Found a radiant altar of Vehumet.
 88141 | Elf:2    | Noticed Roxanne
 88303 | Elf:2    | Killed Roxanne
 89624 | Elf:3    | Entered Level 3 of the Elven Halls
 89658 | Elf:3    | Noticed Louise
 89673 | Elf:3    | Killed Louise
 91322 | Elf:3    | Reached XP level 25. HP: 160/160 MP: 43/49
 91920 | Elf:3    | Got an ancient falchion {drain}
 92137 | Elf:2    | Identified the cursed +1 falchion of Law {drain, Str+2} (You took it off a deep elf high priest on level 3 of the Elven Halls)
 92179 | Elf:3    | Got a vibrating bronze ring
 92400 | Elf:3    | Identified the ring "Qetrid" {+Fly MR+} (You took it off a deep elf annihilator on level 3 of the Elven Halls)
 92401 | Elf:3    | Identified the cursed +1 battleaxe of Gozag's Vengeance {freeze, +Inv rF+ Stlth-} (You took it off a deep elf demonologist on level 3 of the Elven Halls)
 92402 | Elf:3    | Identified the +4 ring mail of the Cooper {+Inv rElec MP-9} (You took it off a deep elf high priest on level 3 of the Elven Halls)
 92597 | Elf:3    | Learned a level 1 spell: Apportation
 93299 | Zot:1    | Entered Level 1 of the Realm of Zot
 94218 | Zot:1    | Learned a level 5 spell: Irradiate
 94225 | Zot:1    | Learned a level 6 spell: Invisibility
 95200 | Zot:2    | Reached skill level 22 in Dodging
 95910 | Zot:2    | Gained mutation: You are dopey. (Int -2) [mutagenic glow]
 96335 | Zot:3    | Reached XP level 26. HP: 168/168 MP: 49/49
 96384 | Zot:2    | Gained mutation: You are frail. (-10% HP) [mutagenic glow]
 97603 | Zot:4    | Reached skill level 15 in Stealth
 97751 | Zot:3    | Slain by a death cob

Vault maps used:
D:1:      roderic_chinese_lattice_arrival, minmay_pentomino_z4
D:2:      lemuel_blue_sif_altar, lemuel_round_altar
D:3:      lemuel_castle_with_subvaults, first_ration, minmay_tree_intersection
D:4:      gammafunk_temple_overflow_claw, vehumet_statue, lemuel_crystal_altar,
          minmay_temple_entry_statues_pillars, uniq_pikel
D:5:      hangedman_decor_growths
D:6:      nicolae_overflow_hidden_temple
D:7:      uniq_menkaure
D:8:      marbit_many_paths, serial_shops, nicolae_shop_trees, grunt_livestock,
          uniq_maurice, uniq_psyche
D:9:      gammafunk_temple_of_torment, lemuel_coloured_pillars_altar,
          nicolae_tso_besieged_by_evil, kennysheep_small_spiral, uniq_joseph
D:10:     enter_bailey_2
D:11:     dpeg_oklobed_lair, david_orc_3, serial_shops, nicolae_shop_stone,
          nicolae_twisting_strands, minmay_misc_feat_square
D:12:     lab_entry_generic
D:14:     grunt_vaults_entry_tiered, minmay_misc_feat_ornament
D:15:     gammafunk_enter_depths_forms, serial_shops, shop, minivault_11,
          xom_teletrap_fun, uniq_sonja
Lair:3:   dummy_snake_entry, grunt_megastairs_5
Lair:4:   nicolae_swamp_entry_splash_gauntlet, lemuel_fruit_fields,
          infiniplex_staircase_pool
Lair:5:   worms_lemuel
Lair:6:   gammafunk_lair_ancient_temple, slime_altar_1, kilobyte_rumbling_trees,
          minmay_lair_oklob_chamber, lemuel_fruit_tree, serial_bayou_shore_b
Swamp:1:  evilmike_swamp_ruin_house_6, statue_in_the_mist_lemuel, swamp_pool1,
          uniq_kirke
Swamp:2:  evilmike_swamp_ruin_house_1, swamp_pool3
Swamp:3:  nicolae_swamp_triple_paths, swamp_pool5
Swamp:4:  swamp_old_school, swamp_pool1
Snake:1:  minmay_snake_river, uniq_azrael
Snake:2:  grunt_ministairs_13, st_stairs_8, spider_trap, serial_bayou_lagoon_a,
          serial_bayou_shore_a
Snake:3:  uniq_agnes, uniq_asterion, uniq_nikola
Snake:4:  snake_pit, uniq_aizul
Orc:1:    elf_legates
Orc:2:    st_orc_town, basic_altar, serial_shops, shop
Elf:1:    elf_arrival_002, kennysheep_underground_church
Elf:2:    basic_altar, grunt_ministairs_9, uniq_roxanne
Elf:3:    minmay_elf_hall_golems, nicolae_elf_glass_and_crystal_pillar_1,
          basic_stair_grate_trap, uniq_louise
Vaults:1: hangedman_vaults_hard_town_square, nicolae_vaults_little_squares_5,
          hangedman_vaults_maws, nicolae_vaults_little_squares_3,
          hangedman_vaults_trim, v_misc_1, nicolae_vaults_yaktaur_gun_rack
Vaults:2: v_misc_24, hangedman_vaults_hat, nicolae_vaults_network_quinsquares,
          v_misc_30, v_misc_12, special_room_vaults, v_misc_4,
          ontoclasm_vaults_shuriken
Vaults:3: st_octagons_2, nicolae_vaults_specimen_jars, ontoclasm_vaults_spin,
          vaults_mumra_hex, v_misc_18, serial_ice_b, v_rooms_4,
          ontoclasm_vaults_chip, hangedman_vaults_stream,
          minmay_crypt_entry_necro_gods
Vaults:4: st_smaller_cells, hangedman_vaults_stitches, vaults_dpeg_spiral,
          v_pattern_3, nicolae_vaults_circle_grid_b, hangedman_vaults_stagger,
          vaults_room_fours, ontoclasm_vaults_gateway,
          nicolae_vaults_diagonal_hallway_7, nicolae_vaults_alarming,
          nicolae_vaults_little_squares_6, v_misc_17, v_misc_13,
          grunt_vaults_hallway_long, ontoclasm_vaults_twist, enter_trove_6
Vaults:5: uniq_saint_roka
Depths:1: cheibriados_altar_1, hellmouth_1, abyss_entry_flame_altar,
          st_stairs_13, kennysheep_generic_room_15
Depths:2: minmay_curly_fans, serial_shops, nicolae_shop_trees, hell_entry,
          minmay_serpent_palace, infiniplex_staircase_river
Depths:3: little_maze_vault, pf_coc_iceberg, minmay_hedge_maze,
          rand_demon_pan_entry_8, serial_bayou_ford_a,
          minmay_staircase_statues_hall_small
Depths:4: minmay_split_circle, hell_entry, abyss_entry, serial_shops,
          statue_bzr, serial_bayou, serial_bayou_pond_d, serial_bayou_crossing,
          serial_bayou_pond_d, serial_bayou_pond_c
Depths:5: grunt_zot_entry_tricorne, enter_ziggurat_e, solitary_fountain,
          serial_shops, bzr_entry_water, hell_entry, grunt_pan_entry_spiral,
          hangedman_abyss_or_decor_stabs, uniq_enchantress
Zot:1:    lemuel_baited_zot_trap
Zot:2:    basic_loot_grate_trap
Zot:3:    nicolae_zot_stationary_front, st_stairs_14
Zot:4:    gammafunk_sealed_library
Lab:      labyrinth_hidden_loot, nicolae_lab_plus, nicolae_lab_swirl,
          lab_statue, nicolae_lab_quarters, nicolae_lab_flowing_pool
Bazaar:   bazaar_kb_twisted_cavern, bazaar_jpeg_circle_common
Bailey:   bailey_axe_2, bailey

Skill      XL: |  1  2  3  4  5  6  7  8  9 10 11 12 13 14 15 16 17 18 19 20 21 22 23 24 25 26 |
---------------+-------------------------------------------------------------------------------+-----
Stealth        | 3 4 5 7 9 10 11 12 14 15 | 15.1
Dodging        | 3 4 5 6 7 8 9 10 11 12 13 14 16 17 18 19 20 21 22 | 22.5
Conjurations   | 2 3 4 5 6 7 8 9 10 11 12 13 14 15 16 17 18 19 20 21 | 21.4
Air Magic      | 4 5 6 7 8 9 10 11 12 13 14 15 16 17 18 19 20 | 20.4
Spellcasting   | 4 5 6 8 9 10 11 12 13 14 15 16 17 18 19 20 | 20.0
Fighting       | 1 2 3 4 5 6 7 8 9 10 11 13 14 15 16 17 18 | 18.2
Shields        | 1 2 3 4 5 |  5.0
Invocations    | 2 4 6 |  6.8
Armour         | 2 4 5 6 |  6.2
Hexes          | 5 9 |  9.2
Evocations     | 4 |  4.2
Poison Magic   | 4 |  4.0
Charms         | 5 8 |  8.0
Necromancy     | 6 |  6.6

Action                   |  1- 3 |  4- 6 |  7- 9 | 10-12 | 13-15 | 16-18 | 19-21 | 22-24 | 25-27 || total
-------------------------+-------+-------+-------+-------+-------+-------+-------+-------+-------++-------
Melee: Falchion          |       |       |       |    85 |   155 |       |    30 |    35 |       ||   305
       Trident           |       |       |       |       |       |       |     7 |       |       ||     7
       Staff             |       |       |       |       |       |       |    60 |     9 |    41 ||   110
 Fire: Hunting sling     |    46 |    76 |    24 |       |       |       |       |       |       ||   146
Throw: Throwing net      |       |       |       |       |       |       |     6 |       |     2 ||     8
 Cast: Shock             |    83 |   108 |   299 |   616 |   670 |   442 |   255 |   192 |       ||  2665
       Swiftness         |       |     1 |       |     3 |     5 |     5 |     6 |     5 |     2 ||    27
       Airstrike         |       |     2 |    21 |     7 |    32 |    24 |    58 |       |       ||   144
       Static Discharge  |       |     2 |    16 |    53 |   148 |   211 |   156 |    47 |    10 ||   643
       Lightning Bolt    |       |       |     4 |    85 |   154 |   287 |   116 |    27 |       ||   673
       Fulminant Prism   |       |       |       |     2 |   118 |   147 |    51 |     1 |       ||   319
       Ozocubu's Armour  |       |       |       |       |    20 |    40 |    56 |    31 |       ||   147
       Stone Arrow       |       |       |       |       |    48 |    17 |       |       |       ||    65
       Confuse           |       |       |       |       |     5 |     5 |     8 |     1 |       ||    19
       Fireball          |       |       |       |       |       |    96 |    71 |    25 |     8 ||   200
       Poison Arrow      |       |       |       |       |       |       |   175 |   383 |   253 ||   811
       Chain Lightning   |       |       |       |       |       |       |    73 |   101 |    19 ||   193
       Deflect Missiles  |       |       |       |       |       |       |     1 |     6 |     4 ||    11
       Iskenderun's Batt |       |       |       |       |       |       |       |    27 |       ||    27
       Orb of Destructio |       |       |       |       |       |       |       |   126 |    42 ||   168
       Sublimation of Bl |       |       |       |       |       |       |       |    62 |    36 ||    98
       Shroud of Golubri |       |       |       |       |       |       |       |    41 |    18 ||    59
       Regeneration      |       |       |       |       |       |       |       |    25 |     2 ||    27
       Darkness          |       |       |       |       |       |       |       |     1 |     3 ||     4
       Irradiate         |       |       |       |       |       |       |       |       |    27 ||    27
       Invisibility      |       |       |       |       |       |       |       |       |     1 ||     1
 Abil: Evoke Fog         |       |       |       |       |       |       |     1 |       |       ||     1
Evoke: Wand              |       |       |     4 |    59 |    42 |    40 |    31 |     3 |    10 ||   189
       Box of beasts     |       |       |       |       |       |     3 |     2 |       |       ||     5
       Crystal ball of e |       |       |       |       |       |     2 |     6 |       |       ||     8
       Phial of floods   |       |       |       |       |       |     1 |       |       |       ||     1
       Lamp of fire      |       |       |       |       |       |       |     5 |       |     1 ||     6
  Use: Scroll            |     3 |       |    12 |    15 |    18 |    13 |    18 |    16 |     9 ||   104
       Potion            |     1 |       |     9 |     5 |     5 |     9 |    21 |     2 |     6 ||    58
 Stab: Paralysed         |       |       |       |     4 |       |       |    13 |       |       ||    17
  Eat: Chunk             |     2 |     6 |    19 |    29 |    25 |     8 |    24 |    45 |    11 ||   169
       Ration            |       |       |       |     5 |    10 |    15 |    15 |    11 |     3 ||    59
Armor: Robe              |     8 |     4 |    14 |    83 |   122 |   185 |   254 |   141 |       ||   811
       Leather armour    |       |       |     3 |       |       |       |       |       |       ||     3
       Skin              |       |       |       |     3 |       |       |       |       |       ||     3
       Acid dragon scale |       |       |       |       |     3 |       |       |    92 |   133 ||   228
Dodge: Dodged            |    25 |    48 |   104 |   300 |   652 |   560 |   633 |   398 |   287 ||  3007
       Deflected         |       |       |       |       |       |       |    13 |    82 |    36 ||   131
Block: Buckler           |       |       |    14 |    72 |   274 |   388 |   389 |   226 |   170 ||  1533
       Reflection        |       |       |       |       |    26 |    37 |    69 |    42 |     4 ||   178
       Rpst.: Falchion   |       |       |       |    52 |   104 |       |     1 |    14 |       ||   171

Table legend:
 A = Spawn XP
 B = Non-spawn XP
 C = Spawn XP percentage of total XP
 D = Spawn monster count
 E = Non-spawn monster count
 F = Spawn count percentage of total count
 G = Total turns spent on level
                    A         B        C        D         E        F      G
               +---------+---------+-------+---------+---------+-------+---------
         Total |       0 | 1376491 |   0.0 |       0 |    2451 |   0.0 | 97751
               +---------+---------+-------+---------+---------+-------+---------
           D:1 |       0 |      38 |   0.0 |       0 |      20 |   0.0 |   866
           D:2 |       0 |      64 |   0.0 |       0 |      27 |   0.0 |   952
           D:3 |       0 |     734 |   0.0 |       0 |      57 |   0.0 |  2155
           D:4 |       0 |     796 |   0.0 |       0 |      13 |   0.0 |  1222
           D:5 |       0 |     883 |   0.0 |       0 |      26 |   0.0 |  1234
           D:6 |       0 |     684 |   0.0 |       0 |      23 |   0.0 |   997
           D:7 |       0 |    1408 |   0.0 |       0 |      30 |   0.0 |   889
           D:8 |       0 |    4570 |   0.0 |       0 |      41 |   0.0 |   880
           D:9 |       0 |    4979 |   0.0 |       0 |      44 |   0.0 |  1785
          D:10 |       0 |    4768 |   0.0 |       0 |      37 |   0.0 |  1974
          D:11 |       0 |    8183 |   0.0 |       0 |      72 |   0.0 |  3034
          D:12 |       0 |    6730 |   0.0 |       0 |      22 |   0.0 |   867
          D:13 |       0 |    1232 |   0.0 |       0 |       7 |   0.0 |  1260
          D:14 |       0 |   24134 |   0.0 |       0 |      72 |   0.0 |  2319
          D:15 |       0 |   20601 |   0.0 |       0 |      54 |   0.0 |  3012
        Lair:1 |       0 |    6071 |   0.0 |       0 |      24 |   0.0 |  1632
        Lair:2 |       0 |    5558 |   0.0 |       0 |      19 |   0.0 |  1207
        Lair:3 |       0 |    7293 |   0.0 |       0 |      19 |   0.0 |  2821
        Lair:4 |       0 |    8791 |   0.0 |       0 |      32 |   0.0 |  2487
        Lair:5 |       0 |    7926 |   0.0 |       0 |      43 |   0.0 |  1524
        Lair:6 |       0 |   16338 |   0.0 |       0 |      54 |   0.0 |  2232
       Swamp:1 |       0 |   15253 |   0.0 |       0 |      32 |   0.0 |  1167
       Swamp:2 |       0 |   12829 |   0.0 |       0 |      35 |   0.0 |  1925
       Swamp:3 |       0 |   17766 |   0.0 |       0 |      39 |   0.0 |  1472
       Swamp:4 |       0 |   31143 |   0.0 |       0 |      49 |   0.0 |  2127
       Snake:1 |       0 |   23300 |   0.0 |       0 |      49 |   0.0 |  1655
       Snake:2 |       0 |   23429 |   0.0 |       0 |      40 |   0.0 |  2262
       Snake:3 |       0 |   33944 |   0.0 |       0 |      43 |   0.0 |  5286
       Snake:4 |       0 |   63475 |   0.0 |       0 |     103 |   0.0 |  2213
         Orc:1 |       0 |   13211 |   0.0 |       0 |      60 |   0.0 |  1206
         Orc:2 |       0 |   10815 |   0.0 |       0 |      93 |   0.0 |  1912
         Elf:1 |       0 |   19732 |   0.0 |       0 |      39 |   0.0 |  1595
         Elf:2 |       0 |   39172 |   0.0 |       0 |      55 |   0.0 |  2855
         Elf:3 |       0 |   66582 |   0.0 |       0 |      61 |   0.0 |  2763
      Vaults:1 |       0 |   35779 |   0.0 |       0 |      71 |   0.0 |  2687
      Vaults:2 |       0 |   44098 |   0.0 |       0 |      86 |   0.0 |  4000
      Vaults:3 |       0 |   66620 |   0.0 |       0 |      98 |   0.0 |  3303
      Vaults:4 |       0 |   41545 |   0.0 |       0 |      57 |   0.0 |  2348
      Vaults:5 |       0 |  180391 |   0.0 |       0 |     158 |   0.0 |  5036
      Depths:1 |       0 |   34207 |   0.0 |       0 |      52 |   0.0 |  1583
      Depths:2 |       0 |   65385 |   0.0 |       0 |      96 |   0.0 |  2683
      Depths:3 |       0 |  104564 |   0.0 |       0 |     112 |   0.0 |  2869
      Depths:4 |       0 |   38082 |   0.0 |       0 |      40 |   0.0 |  1986
      Depths:5 |       0 |   81300 |   0.0 |       0 |      91 |   0.0 |  1756
         Zot:1 |       0 |   42690 |   0.0 |       0 |      30 |   0.0 |  1569
         Zot:2 |       0 |   61646 |   0.0 |       0 |      39 |   0.0 |  1538
         Zot:3 |       0 |   64941 |   0.0 |       0 |      39 |   0.0 |  1200
         Zot:4 |       0 |   10207 |   0.0 |       0 |       7 |   0.0 |   145
           Lab |       0 |    2248 |   0.0 |       0 |       7 |   0.0 |   341
        Bailey |       0 |     356 |   0.0 |       0 |      34 |   0.0 |   679
               +---------+---------+-------+---------+---------+-------+---------
